 Dungeon Crawl Stone Soup version 0.29.1-15-g9cfb28693d (webtiles) character file.

Game seed: 11223757181199940490

3649 croobank the Fighter (level 10, 0/106 (118) HPs)
             Began as an Octopode Delver on Feb 24, 2023.
             Was a Priest of Ru.
             Slain by a two-headed ogre
             ... wielding a +0 giant club
              (5 damage)
             ... on level 9 of the Dungeon.
             The game lasted 00:32:31 (11015 turns).

croobank the Fighter (Octopode Delver)             Turns: 11015, Time: 00:32:32

HP:   0/106 (118)   AC: 25    Str: 21    XL:     10   Next: 12%
MP:   9/9           EV:  2    Int: 15    God:    Ru [***...]
Gold: 385           SH:  0    Dex: 14    Spells: 9/9 levels left

rFire   . . .      SeeInvis .   a - +0 hand axe (venom)
rCold   . . .      Faith    .   (no shield)
rNeg    . . .      Spirit   .   (helmet currently unavailable)
rPois   +          Reflect  .   (no amulet)
rElec   .          Harm     .   p - +4 ring of evasion
rCorr   .          Rampage  .   y - +6 ring of strength
Will    .....      NoTele   +   z - +4 ring of evasion
Stlth   ..........              I - ring of poison resistance
HPRegen 0.27/turn               (no ring)
MPRegen 0.11/turn               (no ring)
                                (no ring)
                                (no ring)

@: mighty, exhausted, tree-form, heavily drained
A: stationary, stasis, torment immunity, boosted hp, almost no armour,
(amphibious), 8 rings, (camouflage 1), (gelatinous body 1), no stealth,
inability to use devices, (nimble swimmer 1), (tentacles), low MP 1, robust 1,
strong 1
a: Renounce Religion, Draw Out Power


You were on level 9 of the Dungeon.
You worshipped Ru.
Ru was most pleased with you.
You were a tree.
You visited 1 branch of the dungeon, and saw 9 of its levels.

You collected 387 gold pieces.
You spent 2 gold pieces at shops.

Inventory:

Hand Weapons
 a - a +0 hand axe of venom (weapon)
 e - a +6 great sword
 g - a +4 falchion
 u - a +4 short sword
 x - a +1 halberd
 C - a +0 shortbow
 D - a -3 quick blade
 E - a -3 triple crossbow
 H - a +0 broad axe
Missiles
 l - 5 atropa-tipped darts (quivered)
Magical Staves
 h - a staff of earth
 o - a staff of death
 s - a staff of conjuration
Jewellery
 p - a +4 ring of evasion (left branch)
 y - a +6 ring of strength (right branch)
 z - a +4 ring of evasion (on tentacle)
 I - a ring of poison resistance (on tentacle)
Wands
 f - a wand of digging (3)
Scrolls
 b - a scroll of fog
 c - 2 scrolls of magic mapping
 i - a scroll of noise
 k - 4 scrolls of identify
 r - 5 scrolls of amnesia
 t - 3 scrolls of vulnerability
 v - 4 scrolls of torment
 A - 2 scrolls of silence
 B - a scroll of poison
Potions
 d - a potion of brilliance
 m - 4 potions of cancellation
 n - a potion of flight
 w - a potion of mutation
 F - a potion of attraction
 K - a potion of magic


   Skills:
 + Level 8.1 Fighting
 + Level 7.7 Axes
 + Level 7.7 Dodging
   Level 0.0 Stealth
   Level 0.0 Evocations


You had 9 spell levels left.
You didn't know any spells.
Your spell library was empty.

Dungeon Overview and Level Annotations

Branches:
Dungeon (9/15)             Temple (0/1) D:4
   Lair: D:8-11         Orc: D:9-12

Altars:
Ashenzari
Cheibriados
Dithmenos
Elyvilon
Fedhas
Gozag
Hepliaklqana
Okawaru
Ru
Sif Muna
Yredelemnul
Zin

Shops:
D:7 *

Portals:
Abyss: D:8

Annotations:
D:2 1 runed translucent door, Crazy Yiuf
D:4 Edmund
D:8 2 transporters, ShinQuickMan's ghost, novice DjCj


Innate Abilities, Weirdness & Mutations

You are a tree.
Your roots penetrate the ground, keeping you stationary.
You cannot be teleported.
You are immune to unholy pain and torment.
Your maximum health is greatly increased.
You cannot wear most types of armour.
((You are amphibious.))
You can wear up to eight rings at the same time.
((Your skin changes colour to match your surroundings (Stealth+).))
((Your rubbery body absorbs attacks. (AC +1, EV +1)))
You cannot be stealthy.
You cannot study or use magical devices.
((You are camouflaged when in or above water. (Stealth+)))
((You have tentacles for arms and can constrict up to eight enemies at once.))
Your magical capacity is low. (-10% MP)
You are robust. (+10% HP)
Your muscles are strong. (Str +4, Int/Dex -1)


Message History

The ice beast is lightly wounded.
You feel less invigorated. The ice beast hits you. The ice beast freezes you!
You closely miss the ice beast.
The ice beast is lightly wounded.
The ice beast hits you.
* * * LOW HITPOINT WARNING * * *
The ice beast freezes you!
* * * LOW HITPOINT WARNING * * *
You focus your inner power and blind the ice beast in retribution!
Okay, then.
You bump into the rock wall.
The ice beast completely misses you.
Really quaff the potion of lignification?
You turn into a tree.
Your roots penetrate the ground.
The ice beast hits you but does no damage.
You redirect something's attack!
You feel very mighty all of a sudden.
You feel less exhausted.
The two-headed ogre hits you but does no damage. x2
The ice beast hits you but does no damage.
You cannot move. (Use ctrl+direction or * direction to attack while stationary and confused.)
You completely miss the two-headed ogre.
You miss the ice beast.
You feel less confused.
The two-headed ogre hits you with a +0 giant club!
* * * LOW HITPOINT WARNING * * *
You focus your inner power and illuminate the two-headed ogre in retribution!
The two-headed ogre completely misses you.
The ice beast hits you but does no damage.
You are restored by drawing out deep reserves of power within.
You feel drained.
The ice beast hits you but does no damage.
Something falls into the water!
You hear a splash. x2
Reactivating autopickup.
You slash the two-headed ogre!
The two-headed ogre is poisoned.
The two-headed ogre is lightly wounded.
You slash the ice beast!
The two-headed ogre hits you with a +0 giant club!
* * * LOW HITPOINT WARNING * * *
The two-headed ogre hits you with a +0 giant spiked club.
You die...

.~~≈.. #~≈≈≈~.
###.~≈≈≈~. ##. #
##...~≈≈≈S. ...
#.##...######.....#
#.................#
#.##...#z#####...##
##..O~≈≈≈~......
###♣Y≈≈≈).#.###
##~≈≈≈z.# ##≈≈≈#.#
#≈≈≈#..# #≈zo#.##
...####.~...#
........###.#
#######.# ..# #.#
...


You could see a two-headed ogre (very poisoned, corona), an ice beast (blind,
poisoned), 3 wights and an orc priest.

Vanquished Creatures
  2 wyverns
  An unseen horror simulacrum (D:9)
  2 water moccasins (D:7)
  A sky beast (D:7)
  4 ice beasts
  3 black bears
  4 orc warriors
  An ogre (D:4)
  3 centaurs
  A bullfrog (D:7)
  A scorpion (D:7)
  3 necrophages
  7 wights (D:7)
  6 howler monkeys
  3 jellies
  2 hounds
  3 orc priests
  6 orc wizards
  Natasha (D:2)
  5 iguanas
  12 adders
  4 gnolls
  A white imp (D:9)
  2 ufetubi
  4 worms
  3 dart slugs
  16 orcs
  7 endoplasms
  2 giant cockroaches (D:3)
  4 goblins
  14 hobgoblins
  3 kobolds
  3 quokkas
  5 ball pythons
  4 bats
  2 frilled lizards
  2 rats (D:1)
147 creatures vanquished.

Vanquished Creatures (others)
  An orc wizard (D:9)
  3 fungi (D:2)
  4 plants (D:2)
8 creatures vanquished.

Grand Total: 155 creatures vanquished

Notes
Turn   | Place    | Note
-------+----------+-------------------------------------------
     0 | D:5      | croobank the Octopode Delver began the quest for the Orb.
     0 | D:5      | Reached XP level 1. HP: 16/16 MP: 1/1
   208 | D:7      | Noticed a wyvern
   300 | D:4      | Noticed a black bear
   423 | D:3      | Reached XP level 2. HP: 18/21 MP: 2/2
   505 | D:4      | Noticed an ogre
   907 | D:1      | Reached XP level 3. HP: 17/26 MP: 3/3
  2025 | D:2      | Reached XP level 4. HP: 31/31 MP: 4/4
  2084 | D:2      | Found a faded altar of an unknown god.
  2401 | D:2      | Noticed Natasha
  2409 | D:2      | Killed Natasha
  2559 | D:2      | Found a runed translucent door.
  2560 | D:2      | Noticed Crazy Yiuf
  2613 | D:3      | Reached XP level 5. HP: 36/37 MP: 5/5
  2886 | D:3      | Reached skill level 4 in Fighting
  3050 | D:3      | Found a blossoming altar of Fedhas.
  3100 | D:3      | Reached XP level 6. HP: 43/43 MP: 6/6
  3680 | D:4      | Found a sacrificial altar of Ru.
  3708 | D:4      | Became a worshipper of Ru the Awakened
  3862 | D:4      | Found a staircase to the Ecumenical Temple.
  4502 | D:4      | Killed a black bear
  4503 | D:4      | Reached XP level 7. HP: 49/49 MP: 7/7
  4828 | D:5      | Found a white marble altar of Elyvilon.
  5113 | D:5      | Gained mutation: You cannot be stealthy. [Ru sacrifice]
  5265 | D:5      | Noticed Edmund
  5414 | D:4      | HP: 2/49 [constriction (5)]
  5416 | D:4      | Gained mutation: Your muscles are strong. (Str +4, Int/Dex
                  | -1) [potion of mutation]
  5416 | D:4      | Gained mutation: Your magical capacity is low. (-10% MP)
                  | [potion of mutation]
  5416 | D:4      | Gained mutation: You are robust. (+10% HP) [potion of
                  | mutation]
  6024 | D:5      | Reached skill level 5 in Fighting
  6037 | D:5      | Reached skill level 1 in Evocations
  6229 | D:5      | Identified the +2 leather armour "Molyll" {rCorr}
  6326 | D:5      | Reached XP level 8. HP: 60/60 MP: 7/7
  6945 | D:7      | Found Anodos's Lightly-Used Armoury.
  6982 | D:7      | Reached skill level 5 in Axes
  6982 | D:7      | Reached skill level 5 in Dodging
  7405 | D:7      | Found a shimmering blue altar of Sif Muna.
  7573 | D:7      | Reached skill level 6 in Fighting
  7852 | D:7      | Reached XP level 9. HP: 46/68 MP: 8/8
  8467 | D:7      | Found a glowing silver altar of Zin.
  8467 | D:7      | Found an iron altar of Okawaru.
  8472 | D:7      | Found an opulent altar of Gozag.
  8472 | D:7      | Found a snail-covered altar of Cheibriados.
  8532 | D:7      | Bought a -3 quick blade for 1 gold piece
  8532 | D:7      | Bought a -3 triple crossbow for 1 gold piece
  8555 | D:7      | Found a broken altar of Ashenzari.
  8754 | D:7      | Gained mutation: You cannot study or use magical devices.
                  | [Ru sacrifice]
  8754 | D:7      | Reached * piety under Ru
  8754 | D:7      | Reached ** piety under Ru
  8754 | D:7      | Reached *** piety under Ru
  9158 | D:7      | Reached skill level 7 in Fighting
  9869 | D:6      | Found a shadowy altar of Dithmenos.
  9869 | D:6      | Found a hazy altar of Hepliaklqana.
 10130 | D:8      | Found a transporter.
 10155 | D:8      | Found a one-way gate to the infinite horrors of the Abyss.
 10155 | D:8      | Noticed ShinQuickMan's ghost (novice DjCj)
 10163 | D:8      | Noticed an ancient zyme
 10181 | D:8      | Found a transporter.
 10342 | D:8      | Found a basalt altar of Yredelemnul.
 10827 | D:9      | Reached XP level 10. HP: 46/79 MP: 9/9
 10836 | D:9      | Reached skill level 8 in Fighting
 10985 | D:9      | Noticed a two-headed ogre
 10996 | D:9      | HP: 3/79 [orc wizard/magic dart (7)]
 11013 | D:9      | HP: 3/112 [two-headed ogre/+0 giant club (12)]
 11015 | D:9      | Slain by a two-headed ogre

Illustrated notes

Levels and vault maps discovered:
D:1:      eino_arrival_cavern_d, layout_rooms, hex_large
D:2:      layout_rooms, serial_glass, glass_columns_a, glass_columns_b,
          shapermc_ecumenical_altar_hornbeckon, minmay_tetromino_l2,
          uniq_crazy_yiuf_cottage, uniq_natasha
D:3:      layout_basic, mainiacjoe_overflow_tiny_flanked,
          kennysheep_generic_room_9
D:4:      layout_basic, overflow_temple_1_default,
          minmay_temple_entry_nine_rooms
D:5:      kennysheep_six_static_rooms, layout_loops_corners,
          mainiacjoe_overflow_24_doors, minmay_tree_intersection,
          kennysheep_cross_room, uniq_edmund
D:6:      layout_basic, riverfiend_overflow_shadow_ancestor,
          chequers_serial_rivers_micro_e
D:7:      layout_basic, ashenzari_altar_1, grunt_temple_overflow_open,
          nicolae_sif_muna_condensation, minmay_shop_damaged
D:8:      layout_gridville, mainiacjoe_overflow_boulevard,
          gammafunk_ghost_abyssal_escape
D:9:      layout_loops_ring, kennysheep_mini_moat, serial_ice, serial_ice_h,
          serial_ice_n, serial_ice_l, serial_ice_d, serial_ice_e

Skill      XL: |  1  2  3  4  5  6  7  8  9 10 |
---------------+-------------------------------+-----
Stealth        | 7 8 0 |  0.0
Axes           | 3 4 5 7 |  7.7
Dodging        | 3 4 5 7 |  7.7
Fighting       | 4 5 6 7 8 |  8.1
Evocations     | 1 4 0 |  0.0

Action                   |  1- 3 |  4- 6 |  7- 9 | 10-12 || total
-------------------------+-------+-------+-------+-------++-------
Melee: Hand axe          |    73 |    86 |   300 |    22 ||   481
       Constrict         |    22 |    22 |    47 |     2 ||    93
       Tentacles         |    12 |    23 |    67 |     5 ||   107
       Punch             |     2 |     2 |     6 |       ||    10
Throw: Dart              |       |       |     4 |       ||     4
Invok: Sacrifice Stealth |       |       |     1 |       ||     1
       Sacrifice Artific |       |       |     1 |       ||     1
       Draw Out Power    |       |       |       |     2 ||     2
Evoke: Wand              |       |     3 |     1 |       ||     4
  Use: Scroll            |       |     2 |    13 |     2 ||    17
       Potion            |       |       |    14 |     3 ||    17
 Stab: Sleeping          |    10 |    14 |     3 |       ||    27
       Paralysed         |       |     3 |     2 |       ||     5
       Distracted        |       |       |     1 |       ||     1
       Invisible         |       |       |     1 |       ||     1
Armor: Skin              |     4 |     5 |    57 |     6 ||    72
Dodge: Dodged            |    43 |    62 |   250 |    33 ||   388
